 Dungeon Crawl Stone Soup version 0.25-a0-424-g80bd347ae0 (webtiles) character file.

Game seed: 1421517794066516040, levelgen mode: deterministic

224 zorance the Ogre Mage (level 6, -3/53 HPs)
             Began as an Ogre Wizard on Jan 20, 2020.
             Was an Initiate of Ashenzari.
             Killed from afar by a white imp (8 damage)
             ... with a puff of frost
             ... summoned by Natasha
             ... on level 4 of the Dungeon.
             The game lasted 00:11:02 (3725 turns).

zorance the Ogre Mage (Ogre Wizard)                 Turns: 3725, Time: 00:11:02

Health: -3/53      AC:  3    Str: 12    XL:     6   Next: 0%
Magic:  6/12       EV: 10    Int: 21    God:    Ashenzari [......]
Gold:   167        SH:  0    Dex:  7    Spells: 1/14 levels left

rFire    . . .     SeeInvis .   t - +0 spear
rCold    . . .     Gourm    .   (no shield)
rNeg     . . .     Faith    .   a - +0 robe
rPois    .         Spirit   .   b - +0 hat
rElec    .         Reflect  .   (no cloak)
rCorr    .         Harm     .   (gloves unavailable)
MR       .....                  (boots unavailable)
Stlth    +.........             (no amulet)
HPRegen  0.17/turn              (no ring)
MPRegen  0.13/turn              (no ring)

@: very slightly contaminated, slowed, very slow
A: large, unfitting armour, tough skin 1
a: Curse Item, Renounce Religion


You were on level 4 of the Dungeon.
You worshipped Ashenzari.
Ashenzari was noncommittal.
You were not hungry.

You visited 1 branch of the dungeon, and saw 4 of its levels.

You collected 167 gold pieces.

Inventory:

Hand Weapons
 h - a +0 dagger
 t - a +0 spear (weapon)
Missiles
 e - 94 stones (quivered)
Armour
 a - a +0 robe (worn)
 b - a +0 hat (worn)
 o - a +0 shield
Wands
 s - a wand of enslavement (10)
Scrolls
 f - 2 scrolls of fog {unknown}
 m - a scroll of remove curse
 p - a scroll of magic mapping {unknown}
Potions
 g - 4 potions of curing
 i - a potion of magic {unknown}
 j - a potion of flight {unknown}
 l - a potion of mutation
 n - a potion of might {unknown}
 q - 2 potions of haste
 u - a potion of cancellation {unknown}
Comestibles
 d - 4 rations
 r - 2 chunks of flesh


   Skills:
 - Level 1.7 Dodging
 - Level 1.4 Stealth
 + Level 4.5 Spellcasting
 * Level 3.5 Conjurations
 * Level 0.5 Hexes
 - Level 2.0 Summonings
 - Level 0.8 Translocations
 - Level 1.1 Air Magic
 - Level 1.1 Poison Magic


You had one spell level left.
You knew the following spells:

 Your Spells              Type           Power        Failure   Level  Hunger
a - Magic Dart            Conj           ###.         2%          1    None
b - Call Imp              Summ           ##......     8%          2    #......
c - Mephitic Cloud        Conj/Pois/Air  ##......     16%         3    ##.....
d - Slow                  Hex            #.......     14%         2    #......
e - Blink                 Tloc           N/A          12%         2    #......
f - Confusing Touch       Hex            #.......     26%         3    ##.....

Your spell library contained the following spells:

 Spells                   Type           Power        Failure   Level  Hunger
 Corona                   Hex            #......      9%          1    None
 Dazzling Flash           Conj/Hex       ##....       14%         3    ##.....
 Ensorcelled Hibernation  Hex/Ice        #.....       16%         2    #......
 Conjure Flame            Conj/Fire      ##......     17%         3    ##.....
 Tukima's Dance           Hex            #.......     26%         3    ##.....


Dungeon Overview and Level Annotations

Branches:
Dungeon (4/15)
 Temple: D:4-7

Altars:
Ashenzari
Okawaru
Ru
Yredelemnul
The Shining One

Annotations:
D:4 Natasha


Innate Abilities, Weirdness & Mutations

You are too large for most types of armour.
You have tough skin. (AC +1)


Message History

Your crimson imp misses the white imp.
Your crimson imp barely misses Natasha.
You barely miss Natasha.
Natasha is heavily wounded.
The white imp shouts, "Fly, thou droning dizzy-eyed bloater!"
Natasha casts a spell at you. You resist with some effort.
Your crimson imp hits Natasha but does no damage.
The white imp barely misses you. The crimson imp barely misses you.
Natasha claws you.
* * * LOW HITPOINT WARNING * * *
Your crimson imp closely misses Natasha.
The white imp gestures at you. The puff of frost hits you!
* * * LOW HITPOINT WARNING * * *
The crimson imp completely misses you. Natasha claws you.
* * * LOW HITPOINT WARNING * * *
Your crimson imp blinks!
The white imp gestures at you. The puff of frost hits you!
You die...

#..#.. .....## ...
....# .. #†.# #..
#.!# #.. ##.########
#.. #....##...#
###.###.#....§h.#
#.......#....5@.###
##...#.####...>55..#
... ##.#####......##
.#.##h..##......5##
#..#............#
#........###..#
##.....#####.### #
#......###....#
....##.....###.....#


You could see Natasha, a crimson imp, a white imp and 2 friendly crimson imps.

Vanquished Creatures
  Terence (D:3)
  A gnoll (D:3)
  An adder (D:3)
  4 dart slugs
  2 leopard geckos (D:2)
  3 orcs
  2 giant cockroaches
  8 goblins
  6 hobgoblins
  A ball python (D:3)
  10 bats
  4 frilled lizards
  8 kobolds
  4 rats
55 creatures vanquished.

Vanquished Creatures (collateral kills)
  A scorpion (D:4)
  An orc wizard (D:2)
  Natasha (D:4)
  A worker ant (D:2)
  A gnoll (D:3)
  6 adders
  2 orcs
  A hobgoblin (D:2)
  2 frilled lizards
  A leopard gecko skeleton (D:4)
17 creatures vanquished.

Grand Total: 72 creatures vanquished

Notes
Turn   | Place    | Note
-------+----------+-------------------------------------------
     0 | D:1      | zorance the Ogre Wizard began the quest for the Orb.
     0 | D:1      | Reached XP level 1. HP: 16/16 MP: 5/5
    39 | D:1      | Reached skill level 1 in Conjurations
   205 | D:1      | Reached XP level 2. HP: 24/24 MP: 4/6
   228 | D:1      | Learned a level 2 spell: Call Imp
   895 | D:1      | Reached skill level 4 in Spellcasting
   979 | D:1      | Reached XP level 3. HP: 31/31 MP: 6/8
   984 | D:1      | Learned a level 3 spell: Mephitic Cloud
   987 | D:1      | Learned a level 2 spell: Slow
   990 | D:1      | Learned a level 2 spell: Blink
  1508 | D:2      | Reached skill level 1 in Summonings
  1694 | D:2      | Found a shattered altar of Ashenzari.
  1932 | D:2      | Became a worshipper of Ashenzari the Shackled
  2024 | D:2      | Reached XP level 4. HP: 35/39 MP: 5/10
  2339 | D:2      | Found a glowing golden altar of the Shining One.
  2479 | D:2      | Found a sacrificial altar of Ru.
  2855 | D:3      | Reached XP level 5. HP: 43/45 MP: 4/11
  2915 | D:3      | Found a basalt altar of Yredelemnul.
  3085 | D:3      | Noticed Terence
  3102 | D:3      | Killed Terence
  3221 | D:3      | Reached skill level 1 in Poison Magic
  3332 | D:3      | Found an iron altar of Okawaru.
  3496 | D:4      | Noticed Natasha
  3498 | D:4      | Reached skill level 1 in Air Magic
  3502 | D:4      | Killed Natasha
  3521 | D:4      | Learned a level 3 spell: Confusing Touch
  3589 | D:4      | Reached XP level 6. HP: 10/53 MP: 5/12
  3709 | D:4      | Noticed Natasha
  3725 | D:4      | Killed from afar by a white imp

Levels and vault maps discovered:
D:1:      minmay_arrival_stone_box, layout_loops_corners
D:2:      layout_rooms, nicolae_ru_the_path_less_chosen,
          nicolae_overflow_hidden_temple, ashenzari_conservatory_becter,
          minmay_liquid_box
D:3:      layout_rooms, lemuel_crystal_altar, okawaru_altar_gauntlet_db,
          uniq_terence
D:4:      layout_cave_pools, uniq_natasha

Skill      XL: |  1  2  3  4  5 |
---------------+----------------+-----
Conjurations   | 1 2 3 |  3.5
Spellcasting   | 4 |  4.5
Summonings     | 1 2 |  2.0
Poison Magic   | 1 |  1.1
Air Magic      | 1 |  1.1
Dodging        | |  1.7
Stealth        | |  1.4
Hexes          | |  0.5
Translocations | |  0.8

Action                   |  1- 3 |  4- 6 || total
-------------------------+-------+-------++-------
Melee: Unarmed           |     6 |       ||     6
       Dagger            |    17 |     7 ||    24
       Spear             |       |    27 ||    27
 Cast: Magic Dart        |    67 |    61 ||   128
       Call Imp          |     4 |    13 ||    17
  Use: Scroll            |       |     3 ||     3
       Potion            |       |     1 ||     1
 Stab: Distracted        |       |     2 ||     2
  Eat: Chunk             |     3 |     6 ||     9
Armor: Robe              |    12 |     8 ||    20
Dodge: Dodged            |    12 |    27 ||    39

Table legend:
 A = Non-vault XP
 B = Vault XP
 C = Vault XP percentage of total XP
 D = Non-vault monster count
 E = Vault monster count
 F = Vault count percentage of total count
                 A         B        C        D         E       F
            +---------+---------+-------+---------+---------+-------
      Total |     248 |      72 |  22.5 |      64 |       8 |  11.1
            +---------+---------+-------+---------+---------+-------
        D:1 |      39 |       0 |   0.0 |      21 |       0 |   0.0
        D:2 |     110 |       0 |   0.0 |      26 |       0 |   0.0
        D:3 |      46 |      51 |  52.6 |      12 |       7 |  36.8
        D:4 |      53 |      21 |  28.4 |       5 |       1 |  16.7
            +---------+---------+-------+---------+---------+-------
